 Dungeon Crawl Stone Soup version 0.23-a0-536-g5e0f5a2 (webtiles) character file.

85870 R007833r the Thaumaturge (level 15, -15/115 HPs)
             Began as a Gnoll Wizard on Dec 2, 2018.
             Was a High Priest of Ashenzari.
             Hit by a javelin thrown by a merfolk javelineer (27 damage)
             ... on level 2 of the Shoals on Dec 6, 2018.
             The game lasted 03:32:42 (47774 turns).

R007833r the Thaumaturge (Gnoll Wizard)            Turns: 47774, Time: 03:32:43

Health: -15/115    AC: 12    Str: 10    XL:     15   Next: 85%
Magic:  2/49       EV: 18    Int: 35    God:    Ashenzari [*****.]
Gold:   1939       SH: 16    Dex: 13    Spells: 16/38 levels left

rFire    . . .     SeeInvis +   R - staff of wizardry (curse)
rCold    + . .     Gourm    .   i - +0 shield
rNeg     . . .     Faith    .   Y - +2 robe of Kleptomania {Int+8}
rPois    .         Spirit   .   Q - +0 helmet
rElec    .         Reflect  +   H - +0 cloak of Gixah {+Blink rC+} (curse)
rCorr    .         Harm     .   W - +2 pair of gloves {archery}
MR       +....     Clarity  +   j - +0 pair of boots
Stlth    +++.......             D - +5 amulet of reflection (curse)
HPRegen  0.29/turn              s - ring of magical power (curse)
MPRegen  0.31/turn              a - ring of magical power

@: very slow
A: distributed training, fangs 1, strong nose
a: Curse Item, Scrying, Renounce Religion, Evoke Blink


You were on level 2 of the Shoals.
You worshipped Ashenzari.
Ashenzari was extremely pleased with you.
You were not hungry.

You visited 5 branches of the dungeon, and saw 26 of its levels.
You also visited: Ice Cave and Volcano.

You collected 2636 gold pieces.
You spent 697 gold pieces at shops.

Inventory:

Missiles
 q - 9 throwing nets (quivered)
Armour
 i - a +0 shield (worn)
 j - a +0 pair of boots (worn)
 F - a +2 large shield
 H - the cursed +0 cloak of Gixah (worn) {+Blink rC+}
   (You bought it in a shop on level 1 of the Orcish Mines)

   It protects you from cold.
   It lets you blink.
   It has a curse placed upon it.
 Q - a +0 helmet (worn)
 W - a +2 pair of gloves of archery (worn)
 Y - the +2 robe of Kleptomania (worn) {Int+8}
   (You bought it in a shop on level 1 of the Orcish Mines)

   It affects your intelligence (+8).
Magical Staves
 R - a cursed staff of wizardry (weapon)
Jewellery
 a - a ring of magical power (right hand)
 b - an uncursed ring of protection from fire
 s - a cursed ring of magical power (left hand)
 D - a cursed +5 amulet of reflection (around neck)
 K - an uncursed ring of protection from magic
Wands
 o - a wand of acid (34)
 x - a wand of iceblast (28)
 E - a wand of scattershot (6)
 I - a wand of paralysis (15)
 O - a wand of clouds (2)
 S - a wand of enslavement (4)
 T - a wand of disintegration (10)
Scrolls
 c - 3 scrolls of enchant armour
 k - 3 scrolls of fog
 n - 3 scrolls of remove curse
 r - 5 scrolls of fear
 t - 4 scrolls of magic mapping
 u - a scroll of immolation
 y - 7 scrolls of identify
 z - 6 scrolls of teleportation
 A - 2 scrolls of amnesia
 C - 2 scrolls of holy word
 L - 2 scrolls of vulnerability
 M - 2 scrolls of silence
 P - 2 scrolls of blinking
 U - a scroll of torment
Potions
 e - 3 potions of magic
 f - 6 potions of heal wounds
 g - 8 potions of curing
 h - 3 potions of invisibility
 l - 2 potions of berserk rage
 p - 4 potions of lignification
 v - 2 potions of brilliance
 w - 4 potions of might
 B - 2 potions of resistance
 G - a potion of agility
 J - a potion of ambrosia
 N - 3 potions of mutation
 X - 2 potions of flight
 Z - a potion of haste
Miscellaneous
 m - a box of beasts
Comestibles
 d - 20 rations


   Skills:
 + Level 10.2 Fighting
 + Level 10.2 Short Blades
 + Level 10.2 Long Blades
 + Level 10.2 Axes
 + Level 10.2 Maces & Flails
 + Level 10.2 Polearms
 + Level 10.2 Staves
 + Level 10.2 Slings
 + Level 10.2 Bows
 + Level 10.2 Crossbows
 + Level 10.2 Throwing
 + Level 10.2 Armour
 + Level 11.1 Dodging
 + Level 11.0 Stealth
 + Level 10.2 Shields
 + Level 10.2 Unarmed Combat
 + Level 12.2(15.8) Spellcasting
 + Level 9.0(11.5) Conjurations
 + Level 8.7(11.3) Hexes
 + Level 8.7(11.3) Charms
 + Level 9.0(11.5) Summonings
 + Level 8.7(11.3) Necromancy
 + Level 9.0(11.5) Translocations
 + Level 8.7(11.3) Transmutations
 + Level 8.7(11.3) Fire Magic
 + Level 8.7(11.3) Ice Magic
 + Level 8.7(11.3) Air Magic
 + Level 8.7(11.3) Earth Magic
 + Level 8.7(11.3) Poison Magic
 + Level 11.1 Invocations
 + Level 10.2(12.7) Evocations


You had 16 spell levels left.
You knew the following spells:

 Your Spells              Type           Power        Failure   Level  Hunger
a - Magic Dart            Conj           ####         0%          1    None
b - Call Imp              Summ           #######.     1%          2    None
c - Blink                 Tloc           N/A          1%          2    None
d - Conjure Flame         Conj/Fire      #######.     1%          3    None
e - Mephitic Cloud        Conj/Pois/Air  #######.     1%          3    None
f - Lightning Bolt        Conj/Air       #######...   1%          5    None
g - Iron Shot             Conj/Erth      #######...   1%          6    None

Your spell library contained the following spells:

 Spells                   Type           Power        Failure   Level  Hunger
 Beastly Appendage        Tmut           ######       1%          1    None
 Slow                     Hex            #######.     1%          2    None
 Sticks to Snakes         Tmut           #######.     1%          2    None
 Spider Form              Tmut/Pois      #######...   1%          3    None
 Static Discharge         Conj/Air       #######.     1%          3    None
 Ice Form                 Ice/Tmut       #######.     1%          4    None
 Leda's Liquefaction      Hex/Erth       #######...   1%          4    None
 Blade Hands              Tmut           #######...   1%          5    None
 Bolt of Magma            Conj/Fire/Erth #######...   1%          5    None
 Statue Form              Tmut/Erth      #######..    1%          6    None
 Ignition                 Fire           #######...   52%         8    #####..
 Shatter                  Erth           #######...   100%        9    #######
 Tornado                  Air            #######...   100%        9    #######


Dungeon Overview and Level Annotations

Branches:
Dungeon (15/15)            Temple (1/1) D:7            Lair (6/6) D:10
 Shoals (2/4) Lair:2       Spider (0/4) Lair:3        Slime (0/5) Lair:6
    Orc (2/2) D:11            Elf (0/3) Orc:2        Vaults (0/5) D:14
 Depths (0/5) D:15

Altars:
Ashenzari
Cheibriados
Dithmenos
Elyvilon
Fedhas
Gozag
Hepliaklqana
Kikubaaqudgha
Makhleb
Nemelex Xobeh
Okawaru
Qazlal
Ru
Sif Muna
Trog
Uskayaw
Vehumet
Wu Jian
Xom
Yredelemnul
Zin
The Shining One
Beogh
Jiyva

Shops:
D:9 %   D:11 [*   Orc:1 [*   Orc:2 =(*

Portals:
Trove: D:12 (give +4 storm dragon scales)

Annotations:
D:3 2 runed doors, handsome's ghost, amateur OpMo
Lair:4 exclusions: electric eel and 3 more exclusions
Shoals:1 3 runed doors, Qennah's ghost, adept MfBe


Innate Abilities, Weirdness & Mutations

Your experience applies equally to all skills.
You have very sharp teeth.
Your uncanny sense of smell can sniff out nearby items.


Message History

The wind drake is engulfed in noxious fumes.
The wind drake appears confused.
The merfolk impaler hits you from afar with a +0 trident.
The wind drake bites the water elemental!
The wind drake bites itself.
The merfolk aquamancer mumbles some strange words.
The merfolk aquamancer blinks!
The merfolk impaler barely misses you.
The wind drake is engulfed in noxious fumes.
The wind drake appears confused.
The merfolk barely misses the merfolk impaler.
The water nymph gestures at you while chanting.
The water swirls and strikes you!
* * * LOW HITPOINT WARNING * * *
The merfolk impaler hits you from afar with a +0 trident!
* * * LOW HITPOINT WARNING * * *
Your surroundings suddenly seem different.
Splash!
The merfolk javelineer throws a javelin.
The javelin hits you!!
You die...

≈ ≈ , ,, ≈ ≈ ≈ ≈ ≈
*≈ ≈ ≈ ,≈
≈≈,*#.≈.≈≈≈≈≈≈≈≈≈≈≈
*≈ ,
≈,,...≈≈≈≈≈≈≈≈≈≈≈≈ '
≈ ≈ ..≈≈≈≈≈≈≈≈≈≈P≈≈≈
≈, ≈≈
≈.≈≈≈≈≈≈≈≈≈≈≈≈≈≈
≈,,, ≈≈≈≈≈
≈≈≈≈≈≈≈≈≈≈≈≈≈≈≈≈≈≈
≈≈≈ ≈ ≈
≈≈≈≈.≈≈≈≈≈≈≈≈≈≈ ≈≈ ≈
≈≈≈≈≈≈≈≈≈≈≈≈≈≈≈≈≈≈≈≈
≈≈≈≈ ≈ ≈
≈≈≈≈≈≈≈@≈≈≈≈≈≈≈ ≈ ≈
≈≈
≈≈≈≈≈≈≈≈≈≈≈≈≈≈≈≈≈≈
≈≈≈≈ ≈ ≈ ≈
≈≈≈≈≈≈≈≈≈≈m≈≈≈≈ ≈≈ ≈
≈≈≈ ≈≈≈≈≈≈≈≈≈≈≈≈≈≈≈≈
≈ ≈ ≈ ≈ ≈
≈≈≈≈≈≈≈≈≈≈≈≈≈≈≈ ≈
≈############### ≈≈
≈


You could see a merfolk javelineer.

Vanquished Creatures
  Frances (Shoals:1)
  Kirke (Lair:6)
  An orc warlord (Orc:2)
  A stone giant (Orc:2)
  A fire dragon (Lair:6)
  4 vault guards (D:14)
  A catoblepas (Lair:4)
  A death knight (D:14)
  4 hydras
  2 two-headed ogres
  6 death yaks
  Urug (D:10)
  An orc high priest (Orc:2)
  Sonja (Orc:1)
  2 skeletal warriors (Volcano)
  A swamp dragon (Lair:6)
  A sea snake (Shoals:2)
  An unseen horror (D:14)
  Pikel (D:9)
  4 orc knights
  2 orc sorcerers (Orc:2)
  2 wolf spiders (Lair:6)
  4 oklob plants (Lair:6)
  A deep elf mage (D:14)
  5 manticores
  7 fauns (Shoals:1)
  8 elephants
  12 ugly things
  4 merfolk sirens
  7 black mambas
  A guardian serpent (Lair:6)
  6 gargoyles
  17 spiny frogs
  3 rime drakes
  6 komodo dragons
  3 tengu conjurers (D:14)
  A polar bear (Lair:3)
  6 trolls
  5 merfolk
  A wind drake (Shoals:1)
  A harpy skeleton (Volcano)
  7 blink frogs
  Grinder (D:3)
  3 hornets
  8 hippogriffs
  A meliai zombie (D:11)
  An alligator skeleton (Volcano)
  4 snapping turtles (Shoals:1)
  2 wraiths
  A vampire (D:14)
  A water elemental (Shoals:1)
  2 flying skulls (Volcano)
  A shadow (D:12)
  15 wyverns
  Grum (D:8)
  A steam dragon (Lair:6)
  24 yaks
  A hog (Lair:5)
  3 hungry ghosts
  3 basilisks
  2 wargs (Orc:2)
  Menkaure (D:7)
  An acid dragon (Lair:6)
  7 porcupines
  12 water moccasins
  23 orc warriors
  3 swamp drakes (Lair:6)
  2 sky beasts
  14 ice beasts
  3 phantoms
  A black bear (D:10)
  A necrophage (D:9)
  An eye of draining (D:12)
  9 ogres
  11 centaurs
  16 wolves
  14 crocodiles
  3 big kobolds
  Blork the orc (Orc:2)
  5 bullfrogs
  A gnoll sergeant (D:3)
  A wyvern zombie (D:14)
  2 scorpions
  6 killer bees
  20 wights
  A howler monkey (D:8)
  A bullfrog zombie (D:12)
  2 centaur zombies
  2 bullfrog skeletons (D:7)
  5 crimson imps
  7 hounds
  5 jellies
  A centaur skeleton (D:4)
  10 orc priests
  A gnoll shaman (D:3)
  15 orc wizards
  5 iguanas
  3 worker ants
  A killer bee zombie (D:9)
  A naga skeleton (Volcano)
  2 hound skeletons (D:7)
  52 gnolls
  9 adders
  2 shadow imps
  12 white imps (Lair:1)
  4 oozes
  An adder zombie (D:5)
  2 dart slugs
  4 leopard geckos
  41 orcs
  5 bats
  3 giant cockroaches
  9 goblins
  5 hobgoblins
  15 jackals
  6 quokkas
  7 frilled lizards
  24 kobolds
  2 quokka skeletons
  A quokka zombie (D:9)
  3 rats
  A fungus (Lair:2)
  A plant (Lair:6)
649 creatures vanquished.

Vanquished Creatures (collateral kills)
  A hydra (Lair:1)
  Maurice (D:8)
  A centaur zombie (D:11)
  An elephant (Lair:5)
  A blink frog (Lair:4)
  A dream sheep (Orc:1)
  A hippogriff (D:11)
  A flying skull (Volcano)
  A redback (Lair:6)
  Sigmund (D:4)
  Eustachio (D:5)
  2 yaks (D:11)
  2 water moccasins
  A porcupine (Lair:2)
  2 ice beasts
  An ogre (D:11)
  3 centaurs
  A big kobold (D:9)
  4 bullfrogs
  5 wights
  A jelly (D:10)
  2 spriggan skeletons (Volcano)
  A crimson imp (D:9)
  2 orc wizards (D:11)
  An iguana (D:9)
  2 gnolls
  2 adders
  8 orcs
  A jackal (D:11)
  3 kobolds
  A butterfly (Lair:4)
56 creatures vanquished.

Vanquished Creatures (others)
  4 humans (Lair:6)
  A water moccasin (Lair:6)
  2 slaves
  An ogre (D:8)
  A centaur (Shoals:1)
  A crimson imp (D:9)
  A centaur skeleton (D:9)
  An orc priest (D:11)
  A gnoll (D:9)
  An orc (D:9)
  37 fungi
  46 plants
97 creatures vanquished.

Grand Total: 802 creatures vanquished

Notes
Turn   | Place    | Note
-------+----------+-------------------------------------------
     0 | D:1      | R007833r the Gnoll Wizard began the quest for the Orb.
     0 | D:1      | Reached XP level 1. HP: 13/13 MP: 8/8
   299 | D:1      | Reached XP level 2. HP: 19/19 MP: 2/10
   373 | D:1      | Learned a level 2 spell: Call Imp
   377 | D:1      | Learned a level 2 spell: Blink
   897 | D:2      | Reached XP level 3. HP: 24/25 MP: 8/11
  1254 | D:2      | Reached skill level 1 in Invocations
  1258 | D:2      | Found a blossoming altar of Fedhas.
  1372 | D:2      | Found a deep blue altar of Sif Muna.
  1373 | D:2      | Found an opulent altar of Gozag.
  1377 | D:2      | Found a hazy altar of Hepliaklqana.
  1467 | D:3      | Found a runed door.
  1472 | D:3      | Noticed handsome's ghost (amateur OpMo)
  1556 | D:3      | Reached skill level 1 in Fighting
  1556 | D:3      | Reached skill level 1 in Short Blades
  1556 | D:3      | Reached skill level 1 in Long Blades
  1556 | D:3      | Reached skill level 1 in Axes
  1556 | D:3      | Reached skill level 1 in Maces & Flails
  1556 | D:3      | Reached skill level 1 in Polearms
  1556 | D:3      | Reached skill level 1 in Staves
  1556 | D:3      | Reached skill level 1 in Slings
  1556 | D:3      | Reached skill level 1 in Bows
  1556 | D:3      | Reached skill level 1 in Crossbows
  1556 | D:3      | Reached skill level 1 in Throwing
  1556 | D:3      | Reached skill level 1 in Armour
  1556 | D:3      | Reached skill level 1 in Shields
  1556 | D:3      | Reached skill level 1 in Unarmed Combat
  1556 | D:3      | Reached skill level 1 in Evocations
  1673 | D:3      | Reached XP level 4. HP: 32/32 MP: 13/13
  1678 | D:3      | Learned a level 3 spell: Conjure Flame
  1682 | D:3      | Learned a level 3 spell: Mephitic Cloud
  2009 | D:3      | Reached skill level 1 in Hexes
  2009 | D:3      | Reached skill level 1 in Charms
  2009 | D:3      | Reached skill level 1 in Necromancy
  2009 | D:3      | Reached skill level 1 in Transmutations
  2009 | D:3      | Reached skill level 1 in Fire Magic
  2009 | D:3      | Reached skill level 1 in Ice Magic
  2009 | D:3      | Reached skill level 1 in Air Magic
  2009 | D:3      | Reached skill level 1 in Earth Magic
  2009 | D:3      | Reached skill level 1 in Poison Magic
  2478 | D:3      | Found a runed door.
  2565 | D:3      | Reached XP level 5. HP: 37/37 MP: 12/14
  3219 | D:3      | Noticed Grinder
  3246 | D:3      | Killed Grinder
  3246 | D:3      | Reached skill level 5 in Dodging
  3246 | D:3      | Reached XP level 6. HP: 44/44 MP: 8/16
  3626 | D:3      | Reached XP level 7. HP: 50/50 MP: 6/18
  4681 | D:3      | Reached skill level 5 in Stealth
  5217 | D:3      | Found a runed door.
  6142 | D:4      | Reached XP level 8. HP: 57/57 MP: 7/19
  6507 | D:4      | Noticed Sigmund
  6523 | D:4      | Killed Sigmund
  6706 | D:4      | Found a glowing golden altar of the Shining One.
  6752 | D:5      | Entered Level 5 of the Dungeon
  7132 | D:5      | Reached skill level 5 in Fighting
  7132 | D:5      | Reached skill level 5 in Short Blades
  7132 | D:5      | Reached skill level 5 in Long Blades
  7132 | D:5      | Reached skill level 5 in Axes
  7132 | D:5      | Reached skill level 5 in Maces & Flails
  7132 | D:5      | Reached skill level 5 in Polearms
  7132 | D:5      | Reached skill level 5 in Staves
  7132 | D:5      | Reached skill level 5 in Slings
  7132 | D:5      | Reached skill level 5 in Bows
  7132 | D:5      | Reached skill level 5 in Crossbows
  7132 | D:5      | Reached skill level 5 in Throwing
  7132 | D:5      | Reached skill level 5 in Armour
  7132 | D:5      | Reached skill level 5 in Shields
  7132 | D:5      | Reached skill level 5 in Unarmed Combat
  7132 | D:5      | Reached skill level 9 in Spellcasting
  7132 | D:5      | Reached skill level 5 in Conjurations
  7132 | D:5      | Reached skill level 5 in Summonings
  7132 | D:5      | Reached skill level 5 in Translocations
  7132 | D:5      | Reached skill level 5 in Invocations
  7132 | D:5      | Reached skill level 5 in Evocations
  7132 | D:5      | Reached XP level 9. HP: 68/68 MP: 19/22
  8244 | D:6      | Noticed Eustachio
  8280 | D:5      | Killed Eustachio
  8524 | D:6      | Found a shimmering altar of Xom.
  9517 | D:7      | Noticed Menkaure
  9525 | D:7      | Killed Menkaure
 10063 | D:7      | Found a staircase to the Ecumenical Temple.
 10072 | Temple   | Entered the Ecumenical Temple
 10085 | Temple   | Upgraded the game from 0.23-a0-488-g5fd82c5 to
                  | 0.23-a0-536-g5e0f5a2
 10090 | Temple   | Became a worshipper of Ashenzari the Shackled
 10707 | D:7      | Reached XP level 10. HP: 76/76 MP: 23/23
 11026 | D:7      | Found a glowing silver altar of Zin.
 12170 | D:8      | Noticed Grum
 12193 | D:8      | Killed Grum
 12610 | D:8      | Noticed Maurice
 12634 | D:8      | Killed Maurice
 13056 | D:9      | Found Ykuod's Food Emporium.
 13246 | D:9      | Noticed Pikel
 13259 | D:9      | Killed Pikel
 13259 | D:9      | Reached skill level 5 in Hexes
 13259 | D:9      | Reached skill level 5 in Charms
 13259 | D:9      | Reached skill level 5 in Necromancy
 13259 | D:9      | Reached skill level 5 in Transmutations
 13259 | D:9      | Reached skill level 5 in Fire Magic
 13259 | D:9      | Reached skill level 5 in Ice Magic
 13259 | D:9      | Reached skill level 5 in Air Magic
 13259 | D:9      | Reached skill level 5 in Earth Magic
 13259 | D:9      | Reached skill level 5 in Poison Magic
 14208 | D:10     | Entered Level 10 of the Dungeon
 14950 | D:10     | Reached XP level 11. HP: 76/81 MP: 5/24
 15078 | D:10     | Found a staircase to the Lair.
 15568 | D:10     | Noticed a two-headed ogre
 15578 | D:10     | Killed a two-headed ogre
 15814 | D:10     | Reached * piety under Ashenzari
 15880 | D:10     | Noticed Urug
 15902 | D:10     | Killed Urug
 18003 | D:11     | Found Funac's Armour Emporium.
 18005 | D:11     | Found a staircase to the Orcish Mines.
 18106 | D:11     | Noticed a green ugly thing
 18120 | D:11     | Killed a green ugly thing
 18568 | D:11     | Reached skill level 10 in Spellcasting
 19037 | Lair:1   | Entered Level 1 of the Lair of Beasts
 19124 | Lair:1   | Found a frozen archway.
 19154 | IceCv    | Entered an ice cave
 19154 | IceCv    | Noticed a white ugly thing
 19171 | IceCv    | Found a transporter.
 19181 | IceCv    | Killed a white ugly thing
 19415 | IceCv    | Noticed a white ugly thing
 19503 | Lair:1   | Got the cursed leather armour of the Harvest {+Fly Str+4}
 19514 | Lair:1   | Identified the cursed +0 leather armour of the Harvest
                  | {+Fly Str+4} (You found it on level 1 of the Lair of
                  | Beasts)
 19648 | Lair:1   | Noticed a four-headed hydra
 19664 | Lair:1   | Killed a four-headed hydra
 19880 | Lair:1   | Reached XP level 12. HP: 91/91 MP: 26/26
 20145 | Lair:2   | Reached ** piety under Ashenzari
 20398 | Lair:2   | Found a staircase to the Shoals.
 20454 | Lair:1   | Learned a level 5 spell: Lightning Bolt
 21938 | Lair:3   | Reached *** piety under Ashenzari
 22217 | Lair:3   | Found a hole to the Spider Nest.
 22231 | Lair:3   | Noticed a six-headed hydra
 23377 | Lair:3   | Reached **** piety under Ashenzari
 23565 | Lair:3   | Killed a six-headed hydra
 23862 | Lair:3   | Found a hole to the Spider Nest.
 24105 | Lair:3   | Noticed an eight-headed hydra
 24126 | Lair:3   | Killed an eight-headed hydra
 25697 | Lair:4   | Reached XP level 13. HP: 90/98 MP: 6/27
 26217 | Lair:4   | Identified the +7 arbalest "Sutaec" {penet, Int+4}
 26729 | Lair:4   | You fall through a shaft!
 26753 | Lair:5   | Found a dark tunnel.
 26758 | Volcano  | Entered a volcano
 30413 | Lair:5   | Reached skill level 11 in Spellcasting
 30819 | Lair:6   | Entered Level 6 of the Lair of Beasts
 31128 | Lair:6   | Noticed Kirke
 31222 | Lair:6   | Identified a scroll of acquirement
 31487 | Lair:5   | Learned a level 6 spell: Iron Shot
 31695 | Lair:6   | Killed Kirke
 32486 | Lair:6   | Reached XP level 14. HP: 106/106 MP: 8/29
 32620 | Lair:6   | Reached skill level 10 in Dodging
 33351 | Lair:6   | Reached skill level 10 in Stealth
 33504 | Lair:5   | Identified the cursed +3 plate armour of Cheibriados's
                  | Reproof {rElec} (You acquired it on level 5 of the Lair of
                  | Beasts)
 34294 | Lair:6   | Reached skill level 10 in Invocations
 36079 | Lair:6   | Found a viscous altar of Jiyva.
 36080 | Lair:6   | Found a staircase to the Slime Pits.
 37674 | D:11     | Found Ibed's Assorted Antiques.
 37682 | D:11     | Bought a potion of heal wounds for 100 gold pieces
 37939 | D:12     | Found a portal to a secret trove of treasure.
 39351 | Orc:1    | Entered Level 1 of the Orcish Mines
 39351 | Orc:1    | Noticed Erica
 39359 | Orc:1    | Noticed Erica
 39359 | Orc:1    | Erica changed into Erica the dream sheep
 39377 | Orc:1    | Killed Erica the dream sheep
 39381 | Orc:1    | Noticed Sonja
 39788 | Orc:1    | Reached ***** piety under Ashenzari
 39903 | Orc:1    | Found a roughly hewn altar of Beogh.
 40034 | Orc:2    | Entered Level 2 of the Orcish Mines
 40096 | Orc:2    | Noticed a stone giant
 40108 | Orc:2    | Killed a stone giant
 40881 | Orc:1    | Found Ariut's Mayhem Merchandise.
 40905 | Orc:1    | Killed Sonja
 40927 | Orc:1    | Found Wuel's Antique Armour Shoppe.
 41221 | Orc:2    | Found a staircase to the Elven Halls.
 42036 | Orc:2    | Noticed Blork the orc
 42040 | Orc:2    | Killed Blork the orc
 42108 | Orc:2    | Reached XP level 15. HP: 114/114 MP: 25/30
 42522 | Orc:2    | Found a roughly hewn altar of Beogh.
 42627 | Orc:2    | Found Rithowol's Antique Weapon Boutique.
 42627 | Orc:2    | Noticed an orc warlord
 42671 | Orc:2    | Killed an orc warlord
 42843 | Orc:2    | Found Duykh's Jewellery Boutique.
 42953 | Orc:2    | Found Liyf's General Store.
 43039 | Orc:2    | Found Viovaeta's Antique Armour Boutique.
 43150 | Orc:1    | Bought an ancient cloak for 323 gold pieces
 43150 | Orc:1    | Bought a steaming robe for 193 gold pieces
 43150 | Orc:1    | Identified the +2 robe of Kleptomania {Int+8} (You bought
                  | it in a shop on level 1 of the Orcish Mines)
 43160 | Orc:1    | Identified the cursed +0 cloak of Gixah {+Blink rC+} (You
                  | bought it in a shop on level 1 of the Orcish Mines)
 43229 | D:11     | Bought a +0 shield for 81 gold pieces
 44826 | D:14     | Reached skill level 12 in Spellcasting
 45242 | D:14     | Reached skill level 10 in Fighting
 45242 | D:14     | Reached skill level 10 in Short Blades
 45242 | D:14     | Reached skill level 10 in Long Blades
 45242 | D:14     | Reached skill level 10 in Axes
 45242 | D:14     | Reached skill level 10 in Maces & Flails
 45242 | D:14     | Reached skill level 10 in Polearms
 45242 | D:14     | Reached skill level 10 in Staves
 45242 | D:14     | Reached skill level 10 in Slings
 45242 | D:14     | Reached skill level 10 in Bows
 45242 | D:14     | Reached skill level 10 in Crossbows
 45242 | D:14     | Reached skill level 10 in Throwing
 45242 | D:14     | Reached skill level 10 in Armour
 45242 | D:14     | Reached skill level 10 in Shields
 45242 | D:14     | Reached skill level 10 in Unarmed Combat
 45242 | D:14     | Reached skill level 10 in Evocations
 45549 | D:14     | Found a gate to the Vaults.
 45775 | D:15     | Entered Level 15 of the Dungeon
 46127 | Shoals:1 | Entered Level 1 of the Shoals
 46734 | Shoals:1 | Noticed Frances
 47003 | Shoals:1 | Found a runed gate.
 47004 | Shoals:1 | Found a runed gate.
 47005 | Shoals:1 | Found a runed gate.
 47007 | Shoals:1 | Noticed Qennah's ghost (adept MfBe)
 47009 | Shoals:1 | Identified the ring "Cowat" {rC+ MR+ EV+2}
 47021 | Shoals:1 | Killed Frances
 47774 | Shoals:2 | Hit by a javelin thrown by a merfolk javelineer

Vault maps used:
D:1:      saegor_arrival_simple_d, serial_forest, infiniplex_forest_lined_4_way,
          infiniplex_forest_join, infiniplex_forest_clump_curved,
          infiniplex_forest_lined_ring, infiniplex_forest_straight_3,
          infiniplex_forest_end_1, infiniplex_forest_lined_3_way,
          infiniplex_forest_lined_3, infiniplex_forest_clump_diagonal,
          kennysheep_decorative_pillar
D:2:      minitemple, lemuel_doored_altar, first_ration,
          kennysheep_generic_room_9
D:3:      lemuel_castle_with_subvaults, ebering_ghost_sewer_f,
          serial_park_tiny_2, patterned_corridor, uniq_grinder
D:4:      kennysheep_mini, serial_park_tiny_2, uniq_sigmund
D:5:      st_stairs_10, wad_rectangle_vault
D:6:      tgw_xom, uniq_eustachio
D:7:      kennysheep_little_box, minmay_temple_entry_glassed_door,
          nicolae_lava_and_water, uniq_menkaure
D:8:      grunt_ogre_cave, uniq_maurice, uniq_grum
D:9:      serial_shops, shop, uniq_pikel
D:10:     due_lair_maze_entry_diamond, uniq_urug
D:11:     orc_david_3, serial_shops, shop_statue
D:12:     enter_trove_1
D:14:     lightli_vaults_fourway_checkpoint, minmay_misc_feat_five
D:15:     grunt_enter_depths_hoard, chequers_serial_rivers_room_b
Temple:   minmay_freezing_vapour_temple
Lair:1:   portal_ice_cave_entry_imps
Lair:2:   elwin_shoals_entry_rocks
Lair:3:   spider_nest_entry_web_field, serial_bayou_pond_e
Lair:4:   serial_bayou_shore_b, grunt_megastairs_2, lemuel_fruit_fields,
          infiniplex_staircase_pool
Lair:5:   enter_volcano_4
Lair:6:   hangedman_lair_tendril_chambers, guppyfry_lair_end_dragon,
          slime_altar_1, infiniplex_staircase_pool_2, minmay_lair_oklob_chamber,
          uniq_kirke
Shoals:1: gammafunk_ghost_split, uniq_frances
Shoals:2: nicolae_shoals_mertower, uniq_polyphemus
Orc:1:    serial_shops, shop_fountains, minmay_shop_mayhem,
          david_defended_altar_orc, uniq_erica, uniq_sonja
Orc:2:    grunt_orc_cross, nicolae_orc_sculptors_studio, nicolae_orc_damp_corner
IceCv:    ice_cave_statue_garden_transporter
Volcano:  volcano_tomb

Skill      XL: |  1  2  3  4  5  6  7  8  9 10 11 12 13 14 15 |
---------------+----------------------------------------------+-----
Conjurations   | 2 3 5 6 7 8 9 |  9.0
Summonings     | 2 3 5 6 7 8 9 |  9.0
Translocations | 2 3 5 6 7 8 9 |  9.0
Invocations    | 1 2 3 5 6 7 8 9 10 11 | 11.1
Fighting       | 1 2 5 6 7 8 9 10 | 10.2
Short Blades   | 1 2 5 6 7 8 9 10 | 10.2
Long Blades    | 1 2 5 6 7 8 9 10 | 10.2
Axes           | 1 2 5 6 7 8 9 10 | 10.2
Maces & Flails | 1 2 5 6 7 8 9 10 | 10.2
Polearms       | 1 2 5 6 7 8 9 10 | 10.2
Staves         | 1 2 5 6 7 8 9 10 | 10.2
Slings         | 1 2 5 6 7 8 9 10 | 10.2
Bows           | 1 2 5 6 7 8 9 10 | 10.2
Crossbows      | 1 2 5 6 7 8 9 10 | 10.2
Throwing       | 1 2 5 6 7 8 9 10 | 10.2
Armour         | 1 2 5 6 7 8 9 10 | 10.2
Shields        | 1 2 5 6 7 8 9 10 | 10.2
Unarmed Combat | 1 2 5 6 7 8 9 10 | 10.2
Evocations     | 1 2 5 6 7 8 9 10 | 10.2
Hexes          | 1 2 4 5 6 7 8 |  8.7
Charms         | 1 2 4 5 6 7 8 |  8.7
Necromancy     | 1 2 4 5 6 7 8 |  8.7
Transmutations | 1 2 4 5 6 7 8 |  8.7
Fire Magic     | 1 2 4 5 6 7 8 |  8.7
Ice Magic      | 1 2 4 5 6 7 8 |  8.7
Air Magic      | 1 2 4 5 6 7 8 |  8.7
Earth Magic    | 1 2 4 5 6 7 8 |  8.7
Poison Magic   | 1 2 4 5 6 7 8 |  8.7
Dodging        | 5 7 8 9 10 11 | 11.1
Stealth        | 5 6 7 8 9 10 11 | 11.0
Spellcasting   | 9 10 11 12 | 12.2

Action                   |  1- 3 |  4- 6 |  7- 9 | 10-12 | 13-15 || total
-------------------------+-------+-------+-------+-------+-------++-------
Melee: Short sword       |     8 |    21 |    19 |   219 |       ||   267
       Bite              |       |     3 |     1 |    21 |    14 ||    39
       Staff             |       |       |       |    12 |   121 ||   133
 Fire: Hand crossbow     |       |       |    43 |    22 |       ||    65
Throw: Throwing net      |       |       |     1 |     1 |       ||     2
 Cast: Magic Dart        |    74 |   122 |   310 |   516 |   208 ||  1230
       Blink             |     1 |     1 |     5 |    25 |    18 ||    50
       Call Imp          |       |     7 |    17 |   148 |    50 ||   222
       Mephitic Cloud    |       |     6 |    30 |    60 |    32 ||   128
       Conjure Flame     |       |       |     4 |    69 |    62 ||   135
       Lightning Bolt    |       |       |       |    87 |   324 ||   411
       Iron Shot         |       |       |       |       |   176 ||   176
Invok: Curse Item        |       |       |     1 |     2 |       ||     3
Evoke: Wand              |       |     2 |       |    17 |    11 ||    30
  Use: Scroll            |     5 |       |     6 |    16 |    11 ||    38
       Potion            |       |       |     1 |     2 |     1 ||     4
 Stab: Sleeping          |     1 |       |       |       |       ||     1
       Distracted        |       |       |       |     7 |       ||     7
       Confused          |       |       |       |     4 |     5 ||     9
  Eat: Chunk             |     2 |     3 |    15 |    23 |    33 ||    76
       Ration            |       |     1 |     2 |     8 |    20 ||    31
Armor: Robe              |     5 |    10 |    21 |    38 |     8 ||    82
       Leather armour    |       |       |       |    14 |    41 ||    55
Dodge: Dodged            |    18 |    57 |    83 |   226 |   195 ||   579
Block: Buckler           |       |       |    35 |   210 |   155 ||   400
       Reflection        |       |       |     1 |    22 |    27 ||    50
       Shield            |       |       |       |       |    47 ||    47

Table legend:
 A = Non-vault XP
 B = Vault XP
 C = Vault XP percentage of total XP
 D = Non-vault monster count
 E = Vault monster count
 F = Vault count percentage of total count
                 A         B        C        D         E       F
            +---------+---------+-------+---------+---------+-------
      Total |   75092 |   46096 |  38.0 |     470 |     235 |  33.3
            +---------+---------+-------+---------+---------+-------
        D:1 |      18 |       0 |   0.0 |      10 |       0 |   0.0
        D:2 |      40 |       2 |   4.8 |      17 |       1 |   5.6
        D:3 |      66 |     929 |  93.4 |      16 |      55 |  77.5
        D:4 |     246 |     121 |  33.0 |      12 |       1 |   7.7
        D:5 |     235 |     309 |  56.8 |      13 |       6 |  31.6
        D:6 |     171 |       3 |   1.7 |       4 |       3 |  42.9
        D:7 |    1132 |     169 |  13.0 |      31 |       1 |   3.1
        D:8 |     654 |     989 |  60.2 |      19 |       6 |  24.0
        D:9 |    1257 |     464 |  27.0 |      29 |       1 |   3.3
       D:10 |    2243 |    1628 |  42.1 |      24 |      10 |  29.4
       D:11 |    5431 |     178 |   3.2 |      62 |       6 |   8.8
       D:12 |    2712 |       0 |   0.0 |      20 |       0 |   0.0
       D:13 |    2110 |       0 |   0.0 |       7 |       0 |   0.0
       D:14 |   11234 |    5822 |  34.1 |      36 |      11 |  23.4
     Lair:1 |    1122 |     119 |   9.6 |       6 |      12 |  66.7
     Lair:2 |    4132 |       0 |   0.0 |      16 |       0 |   0.0
     Lair:3 |    6845 |       0 |   0.0 |      27 |       0 |   0.0
     Lair:4 |    6371 |     190 |   2.9 |      18 |       2 |  10.0
     Lair:5 |   10417 |    2287 |  18.0 |      29 |       8 |  21.6
     Lair:6 |    4277 |   17015 |  79.9 |      14 |      49 |  77.8
   Shoals:1 |    8428 |    2130 |  20.2 |      22 |       1 |   4.3
   Shoals:2 |    2498 |       0 |   0.0 |       5 |       0 |   0.0
      Orc:1 |    1237 |    1084 |  46.7 |      19 |       5 |  20.8
      Orc:2 |    2216 |    8068 |  78.5 |      14 |      37 |  72.5
      IceCv |       0 |    1246 | 100.0 |       0 |       7 | 100.0
    Volcano |       0 |    3343 | 100.0 |       0 |      13 | 100.0
            +---------+---------+-------+---------+---------+-------
